 Dungeon Crawl Stone Soup version 0.25.1-2-g60ff931df9 (webtiles) character file.

Game seed: 10494550895130933374

9345 DerDa the Tainter (level 11, -5/89 HPs)
             Began as a Formicid Venom Mage on Sept 26, 2020.
             Was a Priest of Sif Muna.
             Slain by a two-headed ogre
             ... wielding a +0 giant spiked club
              (13 damage)
             ... on level 9 of the Dungeon.
             The game lasted 00:38:48 (13343 turns).

DerDa the Tainter (Formicid Venom Mage)            Turns: 13343, Time: 00:38:49

Health: -5/89      AC:  9    Str: 12    XL:     11   Next: 72%
Magic:  18/23      EV: 16    Int: 26    God:    Sif Muna [***...]
Gold:   280        SH:  0    Dex: 13    Spells: 14/27 levels left

rFire    + . .     SeeInvis +   r - +1 flail (holy)
rCold    + . .     Gourm    .   (no shield)
rNeg     . . .     Faith    +   P - +0 leather armour "Usiefru" {+Inv MR- Int+7} (curse)
rPois    +         Spirit   .   (helmet unavailable)
rElec    .         Reflect  .   A - scarf {rC+ rF+}
rCorr    .         Harm     .   z - +0 pair of gloves
MR       .....                  q - +0 pair of boots
Stlth    ++........             p - amulet of faith
HPRegen  0.24/turn              f - +4 ring of protection
MPRegen  0.18/turn              (no ring)

@: marked
A: permanent stasis, dig shafts and tunnels, four strong arms, antennae 3, agile
1, poison resistance, robust 1, MP-powered wands
a: Dig, Shaft Self, Channel Magic, Forget Spell, Renounce Religion, Evoke
Invisibility


You were on level 9 of the Dungeon.
You worshipped Sif Muna.
Sif Muna was most pleased with you.
You were not hungry.

You visited 2 branches of the dungeon, and saw 11 of its levels.

You collected 472 gold pieces.
You spent 192 gold pieces at shops.

Inventory:

Hand Weapons
 r - a +1 flail of holy wrath (weapon)
 w - a +0 spear of venom
 D - a +1 whip of freezing
 F - a +3 quarterstaff of chaos
 I - a +0 morningstar of pain
 K - a +0 shortbow
 U - a +0 hand crossbow
Missiles
 b - 195 arrows
 d - 318 stones
 g - 16 poisoned darts (quivered)
 O - 7 bolts
Armour
 a - a +0 robe
 l - a +2 ring mail of fire resistance
 q - a +0 pair of boots (worn)
 z - a +0 pair of gloves (worn)
 A - a scarf of resistance (worn)
 G - a +2 cloak
 H - +0 swamp dragon scales
 N - a +0 buckler
 P - the cursed +0 leather armour "Usiefru" (worn) {+Inv MR- Int+7}
   (You found it on level 8 of the Dungeon)

   It affects your intelligence (+7).
   It affects your resistance to hostile enchantments.
   It lets you turn invisible.
   It has a curse placed upon it.
Magical Staves
 u - a cursed staff of energy {unknown}
 B - an uncursed staff of conjuration
 C - an uncursed staff of death
Jewellery
 f - a +4 ring of protection (left hand)
 p - an amulet of faith (around neck)
Wands
 h - a wand of random effects (26)
 m - a wand of polymorph (11)
 o - a wand of iceblast (8)
 s - a wand of acid (14)
 L - a wand of paralysis (13)
 T - a wand of enslavement (4)
Scrolls
 e - a scroll of blinking
 i - a scroll of fog
 j - 2 scrolls of immolation
 n - 3 scrolls of enchant weapon {unknown}
 t - a scroll of magic mapping {unknown}
 y - 2 scrolls of fear {unknown}
 E - a scroll of enchant armour {unknown}
 J - 2 scrolls of identify
 M - a scroll of remove curse
Potions
 k - 2 potions of ambrosia
 v - 4 potions of curing
 x - 3 potions of heal wounds
 R - a potion of lignification
 S - a potion of might
Comestibles
 c - 21 rations


   Skills:
 + Level 5.9 Fighting
 * Level 7.6 Dodging
 - Level 2.4 Stealth
 * Level 3.5 Shields
 * Level 8.6 Spellcasting
 + Level 0.9 Conjurations
 - Level 5.0 Transmutations
 + Level 1.9 Fire Magic
 + Level 4.7 Air Magic
 * Level 11.4 Poison Magic
 + Level 2.5 Invocations


You had 14 spell levels left.
You knew the following spells:

 Your Spells              Type           Power        Failure   Level  Hunger
a - Sting                 Tmut/Pois      ####         1%          1    None
b - Mephitic Cloud        Conj/Pois/Air  #####...     1%          3    None
c - Ignite Poison         Fire/Tmut/Pois #####...     1%          3    None
d - Olgreb's Toxic Radia  Pois           ######..     1%          4    ##.....
u - Poisonous Vapours     Pois/Air       ######       1%          2    None

Your spell library contained the following spells:

 Spells                   Type           Power        Failure   Level  Hunger
 Animate Skeleton         Necr           N/A          7%          1    None
 Corona                   Hex            ##.....      7%          1    None
 Pain                     Necr           ##..         7%          1    None
 Slow                     Hex            ##......     11%         2    None
 Inner Flame              Hex/Fire       ###.....     14%         3    None
 Portal Projectile        Hex/Tloc       ##....       21%         3    None
 Vampiric Draining        Necr           ##........   21%         3    None
 Animate Dead             Necr           N/A          56%         4    ##.....
 Cause Fear               Hex            ##........   56%         4    ##.....
 Leda's Liquefaction      Hex/Erth       ##........   56%         4    ##.....
 Agony                    Necr           ##......     88%         5    ####...


Dungeon Overview and Level Annotations

Branches:
Dungeon (10/15)            Temple (1/1) D:6            Lair (0/6) D:8
    Orc: D:9-12

Altars:
Ashenzari
Cheibriados
Dithmenos
Elyvilon
Fedhas
Gozag
Hepliaklqana
Kikubaaqudgha
Makhleb
Nemelex Xobeh
Okawaru
Qazlal
Ru
Sif Muna
Trog
Uskayaw
Vehumet
Wu Jian
Xom
Yredelemnul
Zin
The Shining One

Shops:
D:9 !

Annotations:
D:10 Harold


Innate Abilities, Weirdness & Mutations

You cannot be hasted, slowed, berserked, paralysed or teleported.
You can dig through walls and to a lower floor.
Your four strong arms can wield two-handed weapons with a shield.
You have a pair of large antennae on your head. (SInv)
You are agile. (Dex +2)
Your system is resistant to poisons. (rPois)
You are robust. (+10% HP)
You expend magic power (3 MP) to strengthen your wands.


Message History

You hit the shadow imp.
The shadow imp convulses.
The shadow imp is almost dead.
The shadow imp barely misses you. The two-headed ogre barely misses you.
The two-headed ogre hits you with a +0 giant club!
You closely miss the shadow imp.
The shadow imp is almost dead.
The shadow imp misses you. The two-headed ogre closely misses you.
The two-headed ogre hits you with a +0 giant club!!
* * * LOW HITPOINT WARNING * * *
You closely miss the shadow imp.
The shadow imp is almost dead.
The shadow imp barely misses you.
The two-headed ogre hits you but does no damage.
The two-headed ogre completely misses you.
The shadow imp hits you but does no damage.
You sock the shadow imp!
You kill the shadow imp!
Sif Muna accepts your kill.
The two-headed ogre hits you with a +0 giant spiked club!
You die...

#.# #.# ## #.# #.#
.# #.# #.# .# ##.#
#.# .# #..# #.####
.# #.## #....# .#
#.# ####.# .# #.#
#.# .## #.# #@#
..# #.# #O# ..#
#.# #.#
..####.#########.#
.................#
..........########
#######...# #####


You could see a two-headed ogre.

Vanquished Creatures
  2 two-headed ogres
  A centaur zombie (D:10)
  Maggie (D:7)
  A komodo dragon (D:8)
  A hippogriff (D:9)
  Prince Ribbit (D:5)
  A spriggan (D:7)
  10 yaks
  Menkaure (D:6)
  2 ice beasts
  2 water moccasins (D:8)
  2 sky beasts
  2 orc warriors
  A black bear (D:6)
  11 centaurs
  5 ogres
  A crocodile (D:8)
  A big kobold (D:7)
  11 bullfrogs
  2 scorpions
  10 killer bees
  3 howler monkeys (D:9)
  3 bullfrog zombies
  2 crimson imps (D:5)
  3 hounds
  2 quasits (D:5)
  2 centaur skeletons (D:4)
  8 orc priests
  2 bullfrog skeletons
  2 jellies (D:5)
  5 orc wizards
  Crazy Yiuf (D:7)
  2 iguanas
  9 worker ants
  A killer bee zombie (D:7)
  4 hound zombies
  A worker ant zombie (D:5)
  4 gnolls (D:7)
  14 adders
  3 shadow imps
  An ooze (D:1)
  A worm (D:2)
  2 dart slugs (D:1)
  10 leopard geckos
  22 orcs
  12 giant cockroaches
  5 hobgoblins (D:3)
  9 jackals
  2 quokkas
  2 ball pythons
  5 bats
  2 frilled lizards (D:1)
  6 goblins
  A jackal skeleton (D:5)
  9 kobolds
  A leopard gecko skeleton (D:8)
  2 quokka zombies
  4 rats
  A plant (D:8)
237 creatures vanquished.

Vanquished Creatures (others)
  A plant (D:8)
1 creature vanquished.

Grand Total: 238 creatures vanquished

Notes
Turn   | Place    | Note
-------+----------+-------------------------------------------
     0 | D:1      | DerDa the Formicid Venom Mage began the quest for the Orb.
     0 | D:1      | Reached XP level 1. HP: 13/13 MP: 3/3
   246 | D:1      | Reached XP level 2. HP: 10/19 MP: 0/5
   250 | D:1      | Learned a level 2 spell: Poisonous Vapours
   687 | D:1      | Reached XP level 3. HP: 17/24 MP: 0/7
  1501 | D:2      | You fall into a shaft and drop 1 floor!
  1539 | D:3      | Reached XP level 4. HP: 24/30 MP: 0/8
  1700 | D:2      | Learned a level 3 spell: Mephitic Cloud
  1704 | D:2      | Learned a level 3 spell: Ignite Poison
  1837 | D:2      | Reached skill level 5 in Poison Magic
  2023 | D:2      | Reached skill level 1 in Air Magic
  2023 | D:2      | Reached XP level 5. HP: 28/36 MP: 2/9
  3511 | D:4      | Reached skill level 1 in Fighting
  3511 | D:4      | Reached XP level 6. HP: 6/43 MP: 11/11
  4041 | D:4      | Noticed an ogre
  4060 | D:4      | Killed an ogre
  4337 | D:4      | Found a sacrificial altar of Ru.
  4341 | D:4      | Reached skill level 6 in Poison Magic
  4341 | D:4      | Reached XP level 7. HP: 46/48 MP: 8/13
  4352 | D:4      | Learned a level 4 spell: Olgreb's Toxic Radiance
  4678 | D:5      | Entered Level 5 of the Dungeon
  4782 | D:5      | Gained mutation: You expend magic power (3 MP) to
                  | strengthen your wands. [potion of mutation]
  4782 | D:5      | Gained mutation: You evolve. [potion of mutation]
  5035 | D:5      | Reached XP level 8. HP: 23/56 MP: 2/14
  5762 | D:5      | Found an opulent altar of Gozag.
  5978 | D:5      | Noticed Prince Ribbit
  5986 | D:5      | Killed Prince Ribbit
  5986 | D:5      | Reached skill level 7 in Poison Magic
  6241 | D:5      | Reached skill level 5 in Spellcasting
  6522 | D:6      | Noticed Menkaure
  6531 | D:6      | Killed Menkaure
  6919 | D:6      | Gained mutation: You are agile. (Dex +2) [evolution]
  7476 | D:5      | Reached XP level 9. HP: 26/63 MP: 4/17
  7804 | D:6      | Reached skill level 8 in Poison Magic
  8127 | D:6      | Found a staircase to the Ecumenical Temple.
  8144 | Temple   | Entered the Ecumenical Temple
  8172 | Temple   | Became a worshipper of Sif Muna the Loreminder
  8539 | D:6      | Reached skill level 5 in Dodging
  9332 | D:7      | Gained mutation: You are robust. (+10% HP) [evolution]
  9346 | D:7      | Reached * piety under Sif Muna
  9421 | D:7      | Reached skill level 9 in Poison Magic
  9610 | D:7      | Reached XP level 10. HP: 77/79 MP: 9/19
  9893 | D:7      | Found a runed translucent door.
  9894 | D:7      | Noticed Crazy Yiuf
  9904 | D:7      | Killed Crazy Yiuf
  9951 | D:7      | Noticed Maggie
  9958 | D:7      | Killed Maggie
  9958 | D:7      | Reached skill level 5 in Transmutations
 10159 | D:7      | Noticed an angel
 10160 | D:7      | Found a glowing silver altar of Zin.
 10271 | D:8      | Noticed a two-headed ogre
 10275 | D:8      | Reached ** piety under Sif Muna
 10294 | D:8      | Killed a two-headed ogre
 10294 | D:8      | Reached skill level 10 in Poison Magic
 10296 | D:8      | Reached skill level 5 in Fighting
 10448 | D:8      | Reached XP level 11. HP: 66/88 MP: 2/22
 10890 | D:8      | Got a scorched leather armour
 10900 | D:8      | Identified the cursed +0 leather armour "Usiefru" {+Inv MR-
                  | Int+7} (You found it on level 8 of the Dungeon)
 11310 | D:8      | Found a staircase to the Lair.
 11321 | D:8      | Reached skill level 1 in Shields
 11364 | D:8      | Gained mutation: Your system is resistant to poisons.
                  | (rPois) [evolution]
 11364 | D:8      | Lost mutation: You evolve. [end of evolution]
 11801 | D:9      | Reached skill level 1 in Invocations
 11969 | D:9      | Reached skill level 11 in Poison Magic
 11985 | D:9      | Reached skill level 1 in Fire Magic
 12018 | D:9      | Reached *** piety under Sif Muna
 12070 | D:9      | Noticed a two-headed ogre
 12315 | D:9      | Killed a two-headed ogre
 12859 | D:9      | Found Kawa's Distillery.
 12865 | D:9      | Bought a potion of lignification for 36 gold pieces
 12865 | D:9      | Bought a potion of might for 48 gold pieces
 12865 | D:9      | Bought a potion of curing for 36 gold pieces
 12865 | D:9      | Bought a potion of curing for 36 gold pieces
 12865 | D:9      | Bought a potion of curing for 36 gold pieces
 13051 | D:10     | Entered Level 10 of the Dungeon
 13307 | D:10     | Noticed an unseen horror
 13309 | D:10     | Noticed Harold
 13323 | D:10     | Noticed a two-headed ogre
 13343 | D:9      | Slain by a two-headed ogre

Illustrated notes

Levels and vault maps discovered:
D:1:      lightli_arrival_farm, layout_basic, minmay_tripent
D:2:      layout_rooms, ebering_dispersal_statue_hall,
          kennysheep_generic_room_15
D:3:      layout_loops_corners
D:4:      layout_cave_pods, first_ration, nicolae_ru_great_annihilating_truth
D:5:      layout_basic, grunt_gozag_breadcrumbs, uniq_prince_ribbit1
D:6:      layout_loops_ring, minmay_temple_entry_nine_rooms, minmay_door_square,
          minmay_misc_feat_enclosed, hex_medium, centaur_isle, uniq_menkaure
D:7:      layout_cave_pools, zin_angel, the_bakery, uniq_maggie,
          uniq_crazy_yiuf_cottage
D:8:      layout_basic, david_lair_shrubbed
D:9:      layout_loops_ring, serial_shops, shop
D:10:     minmay_chambers_of_sixes, layout_cave_pools, serial_shops,
          nicolae_shop_temple_entry_statues_fountains, uniq_harold
Temple:   compressed_dpeg_triangle_lava_temple

Skill      XL: |  1  2  3  4  5  6  7  8  9 10 11 |
---------------+----------------------------------+-----
Spellcasting   | 3 4 5 6 7 8 |  8.6
Transmutations | 2 3 4 5 |  5.0
Poison Magic   | 5 6 7 9 10 11 | 11.4
Dodging        | 2 3 4 5 6 7 |  7.6
Air Magic      | 1 2 3 4 |  4.7
Fighting       | 1 2 3 4 5 |  5.9
Shields        | 3 |  3.5
Invocations    | 2 |  2.5
Fire Magic     | 1 |  1.9
Stealth        | |  2.4
Conjurations   | |  0.9

Action                   |  1- 3 |  4- 6 |  7- 9 | 10-12 || total
-------------------------+-------+-------+-------+-------++-------
Melee: Unarmed           |     5 |       |       |       ||     5
       Dagger            |    22 |     3 |       |       ||    25
       Spear             |       |    42 |       |       ||    42
       Flail             |       |       |    98 |   140 ||   238
       Whip              |       |       |       |    31 ||    31
       Morningstar       |       |       |       |    18 ||    18
 Cast: Sting             |    46 |    43 |    66 |    68 ||   223
       Poisonous Vapours |     8 |    21 |    41 |    40 ||   110
       Mephitic Cloud    |       |       |    12 |    11 ||    23
       Ignite Poison     |       |       |     7 |     6 ||    13
       Olgreb's Toxic Ra |       |       |    16 |    15 ||    31
  Use: Scroll            |       |     7 |     3 |       ||    10
       Potion            |       |       |     5 |       ||     5
 Stab: Confused          |       |       |     1 |     1 ||     2
  Eat: Chunk             |     3 |     8 |    15 |    13 ||    39
       Ration            |       |       |     2 |       ||     2
Armor: Robe              |     9 |    12 |   136 |       ||   157
       Swamp dragon scal |       |       |       |    53 ||    53
       Leather armour    |       |       |       |    61 ||    61
Dodge: Dodged            |    36 |    34 |   255 |   245 ||   570
